 Dungeon Crawl Stone Soup version 0.29-a0-823-gc37b1572da (webtiles) character file.

Game seed: 8464002137959921483

925 IdlyInterested the Cudgeller (level 7, -10/53 HPs)
             Began as a Demonspawn Fighter on July 8, 2022.
             Shot with a bolt by an orc warrior (11 damage)
             ... on level 5 of the Dungeon.
             The game lasted 00:09:56 (3435 turns).

IdlyInterested the Cudgeller (Demonspawn Fighter)   Turns: 3435, Time: 00:09:57

Health: -10/53     AC: 11    Str: 18    XL:     7   Next: 84%
Magic:  7/7        EV:  7    Int: 10    God:
Gold:   207        SH:  4    Dex: 12    Spells: 6/6 levels left

rFire   . . .      SeeInvis .   l - +2 whip (venom)
rCold   + + .      Faith    .   c - +0 buckler
rNeg    . . .      Spirit   .   g - +0 chain mail
rPois   .          Reflect  .   (no helmet)
rElec   .          Harm     .   v - scarf {+Inv}
rCorr   .          Rampage  .   r - +1 pair of gloves
Will    .....                   (no boots)
Stlth   ..........              (no amulet)
HPRegen 0.17/turn               j - ring of protection from cold
MPRegen 0.10/turn               o - ring of protection from cold

@: no status effects
A: ignite blood 1, spiny 2
a: Evoke Invisibility


You were on level 5 of the Dungeon.
You visited 1 branch of the dungeon, and saw 5 of its levels.

You collected 207 gold pieces.

Inventory:

Hand Weapons
 h - a +1 whip of flaming
 l - a +2 whip of venom (weapon)
 m - the +7 short sword "Sarcophage" {drain, rN+ Int+2}
   (You found it on level 2 of the Dungeon)

   A truly terrible weapon, it drains the life of any living foe it strikes.
   Int:       It affects your intelligence (+2).
   rN:        It protects you from negative energy.
 q - a +3 mace
 t - a +1 hand axe of flaming
Armour
 b - a +0 scale mail
 c - a +0 buckler (worn)
 e - a +0 ring mail
 f - a +0 leather armour
 g - a +0 chain mail (worn)
 r - a +1 pair of gloves (worn)
 v - a scarf of invisibility (worn)
Jewellery
 i - a ring of fire
 j - a ring of protection from cold (left hand)
 o - a ring of protection from cold (right hand)
Wands
 k - a wand of flame (6)
 x - a wand of mindburst (18)
Scrolls
 s - a scroll of amnesia
Potions
 a - a potion of cancellation
 d - a potion of might
 n - 2 potions of curing
 p - 2 potions of attraction
 u - a potion of haste
 w - a potion of flight


   Skills:
 + Level 3.9 Fighting
 + Level 6.6 Maces & Flails
 - Level 3.0 Armour
 - Level 3.0 Dodging
 - Level 2.6 Shields
 - Level 3.0 Evocations


You had 6 spell levels left.
You didn't know any spells.
Your spell library contained the following spells:

 Spells                   Type           Power      Damage    Failure   Level
 Beastly Appendage        Tmut           0%         N/A       100%        1
 Static Discharge         Conj/Air       0%         3-3/arc   100%        2
 Wereblood                Tmut           0%         N/A       100%        2
 Frozen Ramparts          Ice            0%         1d2       100%        3
 Spider Form              Tmut/Pois      0%         N/A       100%        3
 Dispel Undead            Necr           0%         3d6       100%        4
 Ice Form                 Ice/Tmut       0%         N/A       100%        4
 Sticky Flame             Conj/Fire      0%         2d3       100%        4
 Summon Ice Beast         Ice/Summ       0%         N/A       100%        4


Dungeon Overview and Level Annotations

Branches:
Dungeon (5/15)
 Temple: D:4-7

Altars:

Shops:
D:4 =(


Innate Abilities, Weirdness & Mutations

Your demonic aura sometimes causes spilled blood to erupt in flames.
You are mostly covered in sharp spines.


Message History

The orc warrior barely misses you.
Okay, then.
The adder attacks as you move away! The adder is struck by your spines.
You kill the adder!
The orc hits you but does no damage.
The orc warrior hits you from afar with a +0 halberd.
* * * LOW HITPOINT WARNING * * *
Things that are here:
a +0 flail; a +0 chain mail The orc hits you from afar with a +0 trident.
* * * LOW HITPOINT WARNING * * *
You closely miss the orc wizard.
The orc wizard is heavily wounded.
The orc hits you but does no damage.
The orc wizard is struck by your spines.
The orc wizard hits you but does no damage.
You block the orc warrior's attack.
You completely miss the orc wizard.
The orc wizard is almost dead.
You block the orc's attack.
The orc wizard points at you and mumbles some strange words.
The puff of flame hits you but does no damage.
The orc hits you but does no damage.
You barely miss the orc wizard.
The orc wizard is almost dead.
The orc warrior hits you from afar with a +0 halberd.
* * * LOW HITPOINT WARNING * * *
Unknown command.
You barely miss the orc wizard.
The orc wizard is almost dead.
The orc hits you but does no damage. x2; The orc warrior barely misses you.
You barely miss the orc wizard.
The orc wizard is almost dead.
The orc hits you from afar with a +0 trident.
* * * LOW HITPOINT WARNING * * *
The orc wizard hits you but does no damage.
The orc hits you but does no damage.
The orc warrior unwields a +0 halberd.
The orc warrior wields a +0 arbalest.
The orc warrior shoots a bolt.
The bolt hits you!
You die...

#####.......
##..#.. ......
##...#>##......
#..............
#.....<..# ....
#.......##....#..
###...#..........
#..##o.........
#/.@)oh.......o
.......o.o........#
....####..)........
##.. ###.........
#...#####.........
.......§....>....
.......§...$.....
.......o.........
............#....


You could see an orc warrior, a black bear, an orc wizard and 2 orcs.

Vanquished Creatures
  Pikel (D:4)
  A phantom (D:5)
  A scorpion (D:4)
  2 hounds (D:4)
  2 orc priests
  Natasha (thrice) (D:2)
  An iguana (D:4)
  An orc wizard (D:5)
  4 adders
  2 worms
  A dart slug (D:2)
  4 orcs
  6 ball pythons
  4 bats
  6 endoplasms
  4 giant cockroaches
  5 goblins
  4 hobgoblins
  4 jackals (D:1)
  3 kobolds
  7 quokkas
  5 frilled lizards
  2 rats (D:2)
73 creatures vanquished.

Notes
Turn   | Place    | Note
-------+----------+-------------------------------------------
     0 | D:1      | IdlyInterested the Demonspawn Fighter began the quest for
                  | the Orb.
     0 | D:1      | Reached XP level 1. HP: 18/18 MP: 1/1
    89 | D:1      | Reached skill level 2 in Maces & Flails
   130 | D:1      | Gained mutation: You are partially covered in sharp spines.
                  | [demonic ancestry]
   130 | D:1      | Reached XP level 2. HP: 24/24 MP: 2/2
   282 | D:1      | Reached skill level 1 in Dodging
   657 | D:1      | Gained mutation: You are mostly covered in sharp spines.
                  | [demonic ancestry]
   657 | D:1      | Reached XP level 3. HP: 29/29 MP: 3/3
   963 | D:2      | Noticed Natasha
   974 | D:2      | Killed Natasha
   975 | D:2      | Reached skill level 3 in Maces & Flails
  1007 | D:2      | Noticed Natasha
  1015 | D:2      | Killed Natasha
  1016 | D:2      | Reached XP level 4. HP: 13/35 MP: 4/4
  1203 | D:2      | Noticed Natasha
  1213 | D:2      | Killed Natasha
  1223 | D:2      | Identified the +7 short sword "Sarcophage" {drain, rN+
                  | Int+2}
  1744 | D:3      | Reached XP level 5. HP: 39/41 MP: 5/5
  2557 | D:4      | Reached skill level 4 in Maces & Flails
  2557 | D:4      | Reached skill level 1 in Evocations
  2568 | D:4      | Gained mutation: Your demonic aura sometimes causes spilled
                  | blood to erupt in flames. [demonic ancestry]
  2568 | D:4      | Reached XP level 6. HP: 21/47 MP: 6/6
  2802 | D:4      | Noticed Pikel
  2815 | D:4      | Killed Pikel
  2816 | D:4      | Reached skill level 6 in Maces & Flails
  2816 | D:4      | Reached XP level 7. HP: 44/52 MP: 7/7
  2909 | D:4      | Found Buuph's Antique Weapon Emporium.
  3152 | D:4      | Found Pattod's Jewellery Shop.
  3405 | D:5      | Entered Level 5 of the Dungeon
  3427 | D:5      | HP: 2/52 [orc warrior/+0 halberd (8)]
  3433 | D:5      | HP: 1/53 [orc warrior/+0 halberd (4)]
  3435 | D:5      | Shot with a bolt by an orc warrior

Illustrated notes

Levels and vault maps discovered:
D:1:      heliophobic_arrival_glass_houses, layout_loops_ring,
          minmay_misc_feat_cross
D:2:      layout_rooms, uniq_natasha
D:3:      layout_loops_ring
D:4:      layout_basic, serial_shops, nicolae_shop_advertising_works
          [nicolae_subvault_shop_adworks], nicolae_stop_n_shop_2, uniq_pikel
D:5:      layout_cave_pools, uniq_prince_ribbit1, uniq_crazy_yiuf_cottage

Skill      XL: |  1  2  3  4  5  6 |
---------------+-------------------+-----
Maces & Flails | 2 3 4 6 |  6.6
Armour         | 3 |  3.0
Dodging        | 1 2 3 |  3.0
Evocations     | 1 3 |  3.0
Fighting       | |  3.9
Shields        | |  2.6

Action                   |  1- 3 |  4- 6 |  7- 9 || total
-------------------------+-------+-------+-------++-------
Melee: Flail             |    36 |       |       ||    36
       Whip              |    25 |    60 |    35 ||   120
  Use: Scroll            |     3 |     7 |     1 ||    11
       Potion            |     2 |       |     1 ||     3
Armor: Scale mail        |    37 |     3 |       ||    40
       Chain mail        |       |    12 |    28 ||    40
Dodge: Dodged            |    23 |    12 |    12 ||    47
Block: Buckler           |     7 |     8 |     5 ||    20

Table legend: (Time is in decaauts)
 A = Elapsed time spent in this place.
 B = Non-inter-level travel time spent in this place.
 C = Inter-level travel time spent in this place.
 D = Time resting spent in this place.
 E = Time spent auto-exploring this place.
 F = Levels seen in this place.
 G = Mean time per level.
                   A        B        C        D        E       F      G
               +--------+--------+--------+--------+--------+-----+--------+
         Total |   3462 |   3334 |    128 |    301 |   2435 |   5 |  692.4 |
       Dungeon |   3462 |   3334 |    128 |    301 |   2435 |   5 |  692.4 |
               +--------+--------+--------+--------+--------+-----+--------+

Top non-repeatable levels by time:
     D:4: 973 daAuts
     D:2: 896 daAuts
     D:1: 834 daAuts
     D:3: 732 daAuts
     D:5: 25 daAuts
